AoeStats
← [ESTG] The Surrendor

Arabia

508092089Analyzed
1v1 RM · 12d ago on Sep 20, 2026· 46m 47s· 2 players
Game mode
Random Map
Map size
Tiny (2 player)
Population
200
Speed
Normal
Resources
Standard
Victory
Conquest
Starting age
Dark Age
Ending age
Imperial Age
RankedLock teamsTeams togetherTeam positionsShared explorationLock speedFull tech treeHidden civsTurbo modeCheats
Victory
Defeat
🇿🇦 Mapuche · South Africa
1559
+14
🇨🇴 Khitans · Colombia
1505
-14
[ESTG] The Surrendor
5:50 Loom
9:09 Feudal Age
10:06 Double-Bit Axe
10:37 Domestication
23:17 Castle Age
21:07 Man-at-Arms
22:02 Scale Mail Armor
22:13 Forging
22:29 Padded Archer Armor
22:19 Fletching
24:46 Bodkin Arrow
25:22 Bow Saw
26:04 Chain Mail Armor
26:05 Arson
27:34 Iron Casting
27:55 Squires
29:51 Pastoralism
31:19 Gold Mining
40:09 Imperial Age
39:57 Scale Barding Armor
40:03 Town Watch
41:41 Chain Barding Armor
41:26 Husbandry
42:08 Ballistics
42:44 Heavy Camel Rider
45:16 Plate Barding Armor
46:37 Chemistry
fridgeroo
7:07 Loom
9:37 Feudal Age
10:53 Double-Bit Axe
16:52 Horse Collar
21:42 Castle Age
22:48 Fletching
22:59 Padded Archer Armor
23:26 Bow Saw
32:16 Wheelbarrow
37:31 Malon
37:55 Hand Cart
42:22 Imperial Age
40:08 Bodkin Arrow
40:59 Town Watch
40:55 Pikeman
41:39 Heavy Plow
41:30 Gold Mining
41:57 Leather Archer Armor
41:43 Scale Mail Armor
41:54 Forging
43:32 Conscription
42:45 Elite Bolas Rider
44:28 Gold Shaft Mining
44:33 Ring Archer Armor
46:39 Chemistry
Connection lost

Rejoining the realm…

Still unreachable

The connection could not be restored.

Session expired

The server has moved on; the page needs a fresh start.